 Dungeon Crawl Stone Soup version 0.32-a0-876-gcfddb08e57 (webtiles) character file.

Game seed: 2987969796911445821

111314 Armakuni the Marksoctopus (level 16, -2/113 HPs)
             Began as an Octopode Shapeshifter on Mar 24, 2024.
             Was an Initiate of Gozag.
             Incinerated by a deep elf pyromancer (5 damage)
             ... with a pyre arrow
             ... on level 15 of the Dungeon on Mar 31, 2024.
             The game lasted 01:16:38 (23187 turns).

Armakuni the Marksoctopus (Octopode Shapeshifter)  Turns: 23187, Time: 01:16:38

Health: -2/113     AC:  8    Str: 15    XL:     16   Next: 57%
Magic:  21/23      EV: 23    Int: 24    God:    Gozag
Gold:   1602       SH:  9    Dex: 30    Spells: 19/25 levels left

rFire   + . .        a - +9 hand cannon (drain)
rCold   . . .        k - +2 buckler {AC+3}
rNeg    . . .        u - +0 mask of the Dragon {Will+ Slay+3 SInv}
rPois   .            A - amulet "Emuereis" {Acrobat Int+3}
rElec   .            D - +6 ring of dexterity
rCorr   +            V - +6 ring of dexterity
SInv    +            W - ring of willpower
Will    ++++.        M - ring of willpower
Stlth   ++           l - +4 ring of protection
HPRegen 0.38/turn    J - +6 ring of dexterity
MPRegen 0.18/turn    S - +4 ring of slaying
                     F - ring of Jiduv {rF+ rCorr Int+3}

%: acrobat
@: on fire, gold aura, glowing, studying Staves
A: almost no armour, amphibious, 8 rings, camouflage 1, gelatinous body 1,
(nimble swimmer 1), tentacles
a: Renounce Religion, Potion Petition, Call Merchant, Bribe Branch


You were on level 15 of the Dungeon.
You worshipped Gozag.
Gozag was most pleased with you.
You visited 4 branches of the dungeon, and saw 23 of its levels.
You also visited: Bailey and Ice Cave.

You collected 9896 gold pieces.
You spent 3595 gold pieces at shops.
You paid 4699 gold pieces to Gozag.

Inventory:

Hand Weapons
 a - a +9 hand cannon of draining (weapon)
 b - the +5 war axe of Namyn {antimagic, rPois Int+2}
   (You found it on level 2 of the Dungeon)

   Int+2:     It affects your intelligence (+2).
   rPois:     It protects you from poison.
Missiles
 w - 2 throwing nets
Armour
 k - a +2 buckler of protection (worn)
 u - the +0 mask of the Dragon (worn) {Will+ Slay+3 SInv}
   (You bought it in a shop on level 1 of the Lair of Beasts)

   Slay+3:    It affects your accuracy & damage with ranged weapons and melee
   (+3).
   Will+:     It increases your willpower.
   SInv:      It lets you see invisible.
Jewellery
 l - a +4 ring of protection (on tentacle)
 A - the amulet "Emuereis" (around mantle) {Acrobat Int+3}
   (You bought it in a shop on level 2 of the Orcish Mines)

   [amulet of the acrobat]

   Acrobat:   It increases your evasion while moving and waiting.
   Int+3:     It affects your intelligence (+3).
 D - a +6 ring of dexterity (left tentacle)
 F - the ring of Jiduv (on tentacle) {rF+ rCorr Int+3}
   (You found it on level 15 of the Dungeon)

   [ring of resist corrosion]

   Int+3:     It affects your intelligence (+3).
   rF+:       It protects you from fire.
   rCorr:     It protects you from acid and corrosion.
 J - a +6 ring of dexterity (on tentacle)
 M - a ring of willpower (on tentacle)
 S - a +4 ring of slaying (on tentacle)
 V - a +6 ring of dexterity (right tentacle)
 W - a ring of willpower (on tentacle)
Wands
 c - a wand of charming (16)
 h - a wand of acid (6)
 o - a wand of mindburst (6)
 v - a wand of flame (12)
 N - a wand of roots (5)
Scrolls
 f - 3 scrolls of immolation
 g - 3 scrolls of amnesia
 j - 5 scrolls of revelation
 n - 7 scrolls of teleportation
 s - 4 scrolls of fear
 t - a scroll of identify
 B - 3 scrolls of noise
 I - 5 scrolls of vulnerability
 K - a scroll of torment
 L - 3 scrolls of poison
Potions
 d - 7 potions of curing
 e - 5 potions of might
 i - 4 potions of mutation
 m - a potion of berserk rage
 p - 8 potions of ambrosia
 q - 7 potions of heal wounds
 x - 5 potions of enlightenment
 y - 3 potions of haste
 z - 2 potions of attraction
 C - 3 potions of cancellation
 E - 9 potions of lignification
 G - 2 potions of invisibility
 H - 7 potions of brilliance
 P - a potion of magic
Miscellaneous
 r - a lightning rod (3/4)


   Skills:
 - Level 11.5 Fighting
 - Level 5.0 Staves
 - Level 18.0 Ranged Weapons
 - Level 10.0 Dodging
 - Level 5.0 Stealth
 - Level 6.0 Shields
 - Level 3.0 Unarmed Combat
 - Level 5.0 Spellcasting
 - Level 10.0 Conjurations
 + Level 14.2 Ice Magic
 - Level 3.0 Air Magic
 - Level 3.0 Alchemy
 - Level 5.0 Evocations
 - Level 3.0 Shapeshifting


You had 19 spell levels left.
You knew the following spells:

 Your Spells              Type           Power      Damage    Failure   Level
m - Mephitic Cloud        Conj/Alch/Air  31%        N/A       3%          3
o - Ozocubu's Armour      Ice            65%        N/A       1%          3

Your spell library contained the following spells:

 Spells                   Type           Power      Damage    Failure   Level
 Kiss of Death            Conj/Necr      100%       2d13      1%          1
 Magic Dart               Conj           100%       1d8       1%          1
 Searing Ray              Conj           100%       2d8       1%          2
 Frozen Ramparts          Ice            100%       1d16      1%          3
 Dazzling Flash           Conj/Hex       60%        N/A       4%          3
 Iskenderun's Battlesphe  Conj           52%        2d10      4%          5
 Fulminant Prism          Conj/Alch      18%        3d10      8%          4
 Necrotise                Necr           24%        1d5       11%         1
 Jinxbite                 Hex            12%        N/A       17%         2
 Lesser Beckoning         Tloc           12%        N/A       17%         2
 Sublimation of Blood     Necr           6%         N/A       17%         2
 Metabolic Englaciation   Hex/Ice        20%        N/A       17%         5
 Irradiate                Conj/Alch      18%        3d17      22%         5
 Confusing Touch          Hex            6%         N/A       32%         3
 Teleport Other           Tloc           6%         N/A       32%         3
 Tukima's Dance           Hex            6%         N/A       32%         3
 Vampiric Draining        Necr           6%         2d6       32%         3
 Petrify                  Alch/Erth      13%        N/A       52%         4
 Dispel Undead            Necr           6%         3d8       73%         4
 Martyr's Knell           Necr/Summ      6%         N/A       73%         4
 Passage of Golubria      Tloc           6%         N/A       73%         4
 Silence                  Hex/Air        6%         N/A       86%         5
 Yara's Violent Unravell  Hex/Alch       6%         3d5       86%         5
 Bombard                  Conj/Erth      15%        9d3       91%         6
 Curse of Agony           Necr           6%         N/A       97%         5
 Summon Forest            Summ/Tloc      3%         N/A       97%         5
 Summon Mana Viper        Hex/Summ       6%         N/A       97%         5
 Summon Cactus Giant      Summ           3%         N/A       100%        6
 Enfeeble                 Hex            3%         N/A       100%        7
 Spellforged Servitor     Conj/Summ      15%        N/A       100%        7


Dungeon Overview and Level Annotations

Branches:
Dungeon (15/15)            Temple (1/1) D:6            Lair (5/5) D:11
 Shoals (0/4) Lair:2       Spider (0/4) Lair:3        Slime (0/5) Lair:5
    Orc (2/2) D:11            Elf (0/3) Orc:2        Vaults (0/5) D:14
 Bailey (visited)           IceCv (visited)
 Depths: D:15

Altars:
Ashenzari
Cheibriados
Dithmenos
Elyvilon
Fedhas
Gozag
Hepliaklqana
Kikubaaqudgha
Makhleb
Nemelex Xobeh
Okawaru
Qazlal
Ru
Sif Muna
Trog
Uskayaw
Vehumet
Wu Jian
Xom
Yredelemnul
Zin
The Shining One
Beogh
Jiyva

Shops:
D:7 (!*?   D:10 !   Orc:2 [(=?   Lair:1 [:(:

Portals:
Abyss: D:13

Annotations:
D:10 1 transporter
D:12 2 runed translucent doors
D:13 2 transporters, Zituum's ghost, journeyman DESu


Innate Abilities, Weirdness & Mutations

You cannot wear most types of armour.
You are amphibious.
You can wear up to eight rings at the same time.
Your skin changes colour to match your surroundings (Stealth+).
Your rubbery body absorbs attacks. (AC +1, EV +1)
((You are camouflaged when in or above water. (Stealth+)))
You have tentacles for arms and can constrict up to eight enemies at once.


Message History

You drain the deep elf pyromancer.
You kill the deep elf pyromancer!
The liquid fire burns you! The heat melts your icy armour.
You shoot a slug. The slug hits the death knight!!
The death knight is moderately wounded.
The death knight reflects your damage back at you!
The liquid fire burns you! The heat melts your icy armour.
You shoot a slug. The slug hits the death knight!!
You drain the death knight.
The death knight is severely wounded.
The death knight reflects your damage back at you!
The liquid fire burns you! You block the death knight's attack.
The death knight hits you with a +0 great sword!
The heat melts your icy armour.
You are too injured to fight recklessly!
You shoot a slug. The slug hits the death knight!
The death knight is almost dead.
The death knight reflects your damage back at you!
* * * LOW HITPOINT WARNING * * *
The liquid fire burns you!
* * * LOW HITPOINT WARNING * * *
The death knight misses you. The heat melts your icy armour.
You shoot a slug.
The slug barely misses the death knight.
The liquid fire burns you!
* * * LOW HITPOINT WARNING * * *
The death knight hits you with a +0 great sword!
* * * LOW HITPOINT WARNING * * *
The heat melts your icy armour.
You shoot a slug. The slug hits the death knight!!
You kill the death knight!
Your damage is reflected back at you!
* * * LOW HITPOINT WARNING * * *
The liquid fire burns you!
Your icy armour melts away.
You die...
Your body crumbles into a pile of gold.

........:..
.............####..##
.............##......
..........[...#.....
..................#
##................#
##.<..............#
###.............○○###
.###...........○@...#
.##..[##..##...##$.#########
..#...#ß..##...# $.##.##.#.#
......##..ß#...#
..##.#..#.####
......#....#...#
..ß#.........#
......##..##...#
..##..####...#
......#...##...#
...#..###...##
......##..###.##
...#........# ))....##... ##
##...=..##


There were no monsters in sight!

Vanquished Creatures
  Frances (D:13)
  2 frost giants
  An ironbound thunderhulk (D:14)
  An orc warlord (Orc:1)
  A fire dragon (Lair:5)
  An ice dragon (Lair:5)
  Josephine (D:12)
  2 vault guards (Bailey)
  5 hydras
  2 ogre magi
  A catoblepas (Lair:1)
  2 death knights (D:15)
  2 boulder beetles
  5 tengu warriors
  6 centaur warriors
  7 two-headed ogres
  7 death yaks (IceCv)
  A deep troll earth mage (D:15)
  Urug (Lair:5)
  2 orc high priests
  A skyshark (Lair:5)
  A skeletal warrior (D:15)
  A swamp dragon (Lair:5)
  A lindwurm (Lair:5)
  Pikel (D:7)
  An obsidian bat (Orc:2)
  7 orc knights
  2 harpies (shapeshifter)
  An oklob plant (Lair:3)
  4 deep elf pyromancers
  3 phantasmal warriors (D:15)
  23 ugly things
  4 orc sorcerers
  3 cyclopes
  2 manticores
  10 elephants
  2 kobold blastminers (Orc:1)
  A meliai (shapeshifter) (D:15)
  An ice statue (IceCv)
  3 black mambas
  A molten gargoyle (Lair:5)
  6 torpor snails
  3 gargoyles
  8 cane toads
  An unseen horror (D:11)
  Maggie (D:6)
  An efreet (D:13)
  2 kobold demonologists (D:12)
  18 komodo dragons
  10 rime drakes
  A tengu conjurer (D:13)
  4 merfolk (Lair:2)
  Psyche (D:8)
  8 polar bears
  9 blink frogs
  A queen bee (D:9)
  4 tyrant leeches (Lair:5)
  Prince Ribbit (D:6)
  8 hornets (Lair:5)
  6 trolls
  12 slime creatures
  3 jumping spiders (Lair:3)
  2 culicivoras (Lair:3)
  A spriggan (shapeshifter) (D:15)
  A centaur simulacrum (D:14)
  A shadow (D:13)
  A wyvern (D:11)
  5 wraiths (D:12)
  65 yaks
  A vampire (D:12)
  4 basilisks
  4 wargs
  A redback (Lair:3)
  4 vampire mosquitoes
  7 humans
  4 steam dragons (Lair:5)
  Edmund (D:6)
  A harpy simulacrum (D:15)
  6 water moccasins
  A swamp drake (Lair:5)
  5 acid dragons
  30 orc warriors
  3 ice beasts
  2 sky beasts
  2 laughing skulls (D:14)
  11 ogres
  3 black bears
  17 wolves
  8 centaurs
  A lemure (D:7)
  20 bullfrogs
  3 kobold brigands
  A gnoll sergeant (D:12)
  3 wights (D:6)
  28 killer bees
  4 electric eels
  7 howler monkeys
  5 bombardier beetles
  4 jellies
  23 orc priests
  5 hounds
  2 sleepcaps
  6 iguanas
  25 orc wizards
  7 hell rats (Lair:4)
  9 gnolls
  8 adders
  10 river rats
  A shadow imp (D:6)
  4 white imps (D:8)
  2 ufetubi (D:8)
  4 ribbon worms
  2 dart slugs
  75 orcs
  7 bats
  12 endoplasms
  2 giant cockroaches
  8 goblins
  8 hobgoblins
  8 jackals
  23 kobolds
  4 quokkas
  7 ball pythons
  2 frilled lizards
  12 rats
775 creatures vanquished.

Vanquished Creatures (collateral kills)
  An ugly thing (D:14)
  2 wights (D:6)
  An adder (D:6)
4 creatures vanquished.

Vanquished Creatures (others)
  An ugly thing (D:14)
  2 lemures (D:7)
  A jelly (Lair:5)
4 creatures vanquished.

Grand Total: 783 creatures vanquished

Notes
Turn   | Place    | Note
-------+----------+-------------------------------------------
     0 | D:1      | Armakuni the Octopode Shapeshifter began the quest for the
                  | Orb.
     0 | D:1      | Reached XP level 1. HP: 13/13 MP: 1/1
    91 | D:1      | Reached XP level 2. HP: 15/19 MP: 2/2
   473 | D:1      | Reached XP level 3. HP: 25/25 MP: 3/3
  1042 | D:2      | Identified the +5 war axe of Namyn {antimagic, rPois Int+2}
  1073 | D:2      | Reached XP level 4. HP: 12/33 MP: 1/4
  1410 | D:2      | Found a faded altar of an unknown god.
  2301 | D:3      | Identified the +1 helmet of the Great Game {-Cast Fly rF+
                  | Stlth+}
  2645 | D:4      | Reached XP level 5. HP: 37/38 MP: 1/5
  2689 | D:4      | Reached skill level 5 in Fighting
  2881 | D:4      | Noticed an ogre
  3171 | D:4      | Reached XP level 6. HP: 36/46 MP: 2/6
  3324 | D:4      | Reached skill level 1 in Ranged Weapons
  3731 | D:5      | Entered Level 5 of the Dungeon
  3777 | D:5      | Found a runed translucent door.
  3778 | D:5      | Noticed Crazy Yiuf
  3802 | D:5      | Reached skill level 2 in Ranged Weapons
  3848 | D:5      | Identified the +10 whip of Attainder {flame, Str+5}
  3886 | D:5      | Reached skill level 1 in Evocations
  4096 | D:5      | Noticed Sigmund
  4097 | D:5      | Sigmund changed into Sigmund the hound
  4097 | D:5      | Noticed Sigmund
  4100 | D:5      | Killed Sigmund the hound
  4101 | D:5      | Reached XP level 7. HP: 52/52 MP: 7/7
  4407 | D:5      | Reached skill level 3 in Ranged Weapons
  4431 | D:5      | Found a sparkling altar of Nemelex Xobeh.
  4740 | D:5      | Found a glowing silver altar of Zin.
  4819 | D:5      | Crazy Yiuf changed into Crazy Yiuf the wolf
  4819 | D:5      | Noticed Crazy Yiuf
  4824 | D:5      | Killed Crazy Yiuf the wolf
  4952 | D:6      | Noticed a steam dragon
  4956 | D:6      | a steam dragon changed into a sky beast
  4964 | D:6      | Reached skill level 4 in Ranged Weapons
  5021 | D:6      | Reached XP level 8. HP: 57/57 MP: 8/8
  5246 | D:6      | Reached skill level 5 in Ranged Weapons
  5248 | D:6      | Reached skill level 5 in Evocations
  5314 | D:6      | Identified the +6 hand axe "Ygonkir" {drain, Int+2}
  5380 | D:6      | Reached skill level 6 in Ranged Weapons
  5433 | D:6      | Noticed Edmund
  5459 | D:6      | Killed Edmund
  5465 | D:6      | Noticed Prince Ribbit
  5477 | D:6      | Killed Prince Ribbit
  5478 | D:6      | Reached skill level 7 in Ranged Weapons
  5555 | D:6      | Noticed Maggie
  5562 | D:6      | Killed Maggie
  5563 | D:6      | Reached skill level 8 in Ranged Weapons
  5563 | D:6      | Reached XP level 9. HP: 43/62 MP: 9/9
  5586 | D:6      | Learned a level 3 spell: Mephitic Cloud
  5665 | D:6      | Found a staircase to the Ecumenical Temple.
  5680 | Temple   | Entered the Ecumenical Temple
  5692 | Temple   | Became a worshipper of Gozag Ym Sagoz the Greedy
  5809 | D:6      | Found a shimmering altar of Xom.
  5866 | D:7      | Noticed Pikel
  5889 | D:7      | Killed Pikel
  5890 | D:7      | Reached skill level 9 in Ranged Weapons
  5905 | D:7      | Found Jauhemoufik's Assorted Antiques.
  5913 | D:7      | Bought a scroll of identify for 52 gold pieces
  5913 | D:7      | Bought 2 scrolls labelled CYDDEA DALO for 52 gold pieces
  5913 | D:7      | Bought a scroll labelled YSEGHI DIOSK for 26 gold pieces
  5913 | D:7      | Bought a smoky cyan potion for 23 gold pieces
  6162 | D:7      | Found Myonoe's Antique Weapon Boutique.
  6179 | D:7      | Reached skill level 10 in Ranged Weapons
  6400 | D:7      | Found a glowing golden altar of the Shining One.
  6439 | D:7      | Found Ukeogo's Distillery.
  6513 | D:7      | Found Giew's Magic Scroll Shop.
  6778 | D:7      | Bought a runed hand cannon for 169 gold pieces
  6895 | D:8      | Reached skill level 11 in Ranged Weapons
  6921 | D:8      | Found a flagged portal.
  6941 | Bailey   | Entered a bailey
  6975 | Bailey   | Reached XP level 10. HP: 68/68 MP: 10/10
  6998 | Bailey   | Reached skill level 12 in Ranged Weapons
  7115 | Bailey   | Noticed a vault guard
  7133 | Bailey   | Killed a vault guard
  7211 | Bailey   | Identified a scroll of acquirement
  7211 | Bailey   | Acquired a manual of Staves
  7226 | Bailey   | Noticed a vault guard
  7255 | Bailey   | Killed a vault guard
  7256 | Bailey   | Reached skill level 13 in Ranged Weapons
  7441 | D:8      | You fall into a shaft and drop 2 floors!
  7441 | D:10     | Entered Level 10 of the Dungeon
  7467 | D:10     | Reached skill level 14 in Ranged Weapons
  7469 | D:10     | Reached XP level 11. HP: 62/72 MP: 11/11
  7585 | D:10     | Noticed a centaur warrior
  7709 | D:9      | Noticed a cyan ugly thing
  7713 | D:9      | Killed a cyan ugly thing
  7732 | D:9      | Noticed a two-headed ogre
  7734 | D:9      | Killed a two-headed ogre
  7735 | D:9      | Reached skill level 15 in Ranged Weapons
  7925 | D:8      | Found a radiant altar of Vehumet.
  8005 | D:8      | Noticed Psyche
  8007 | D:8      | Killed Psyche
  8690 | D:9      | Reached skill level 16 in Ranged Weapons
  8979 | D:9      | Found an iron altar of Okawaru.
  9729 | D:11     | Noticed a two-headed ogre
  9733 | D:11     | Killed a two-headed ogre
  9734 | D:11     | Reached skill level 17 in Ranged Weapons
  9734 | D:11     | Reached XP level 12. HP: 79/79 MP: 12/12
  9745 | D:11     | Found a staircase to the Lair.
  9962 | D:7      | Bought a scroll of acquirement for 572 gold pieces
  9962 | D:7      | Bought a scroll of enchant weapon for 82 gold pieces
  9962 | D:7      | Bought a scroll of brand weapon for 104 gold pieces
  9962 | D:7      | Bought a scroll of immolation for 44 gold pieces
  9962 | D:7      | Bought a scroll of teleportation for 33 gold pieces
  9962 | D:7      | Bought a scroll of fear for 44 gold pieces
  9962 | D:7      | Bought a scroll of identify for 22 gold pieces
  9962 | D:7      | Bought a scroll of identify for 22 gold pieces
  9970 | D:7      | Acquired 919 gold pieces
 10036 | D:10     | Bought a potion of heal wounds for 70 gold pieces
 10036 | D:10     | Bought a potion of heal wounds for 70 gold pieces
 10036 | D:10     | Bought a potion of heal wounds for 70 gold pieces
 10036 | D:10     | Bought a potion of brilliance for 56 gold pieces
 10036 | D:10     | Bought a potion of invisibility for 112 gold pieces
 10036 | D:10     | Bought a potion of cancellation for 112 gold pieces
 10036 | D:10     | Bought 2 potions of lignification for 84 gold pieces
 10036 | D:10     | Bought a potion of lignification for 42 gold pieces
 10082 | D:10     | Found a transporter.
 10277 | D:10     | Killed a centaur warrior
 10452 | D:11     | Found a staircase to the Orcish Mines.
 10857 | Lair:1   | Entered Level 1 of the Lair of Beasts
 11080 | Lair:1   | Reached skill level 18 in Ranged Weapons
 11164 | Lair:1   | Noticed a catoblepas
 11170 | Lair:1   | Killed a catoblepas
 11171 | Lair:1   | Reached skill level 5 in Dodging
 12288 | Lair:2   | Reached XP level 13. HP: 83/83 MP: 13/13
 12861 | Lair:2   | Found a staircase to the Shoals.
 12974 | Lair:3   | Reached skill level 10 in Dodging
 13138 | Lair:1   | Bought a crystal whip for 247 gold pieces
 13138 | Lair:1   | Identified the +6 whip of Desperation {venom, Stlth+} (You
                  | bought it in a shop on level 1 of the Lair of Beasts)
 13319 | Lair:3   | Found a broken altar of Ashenzari.
 13519 | Lair:3   | Found a blossoming altar of Fedhas.
 13745 | Lair:3   | Found a hole to the Spider Nest.
 14543 | Lair:4   | Reached skill level 10 in Fighting
 14547 | Lair:4   | Reached skill level 1 in Stealth
 14714 | Lair:4   | Reached skill level 5 in Stealth
 14958 | Lair:4   | Reached skill level 1 in Alchemy
 15058 | Lair:4   | Reached skill level 1 in Spellcasting
 15058 | Lair:4   | Reached skill level 1 in Conjurations
 15058 | Lair:4   | Reached skill level 1 in Air Magic
 15420 | Lair:5   | Entered Level 5 of the Lair of Beasts
 15423 | Lair:5   | Reached XP level 14. HP: 99/99 MP: 15/15
 15525 | Lair:5   | Noticed Urug
 15534 | Lair:5   | Found a viscous altar of Jiyva.
 15534 | Lair:5   | Found a staircase to the Slime Pits.
 15896 | Lair:5   | Killed Urug
 15978 | Lair:5   | Paralysed by a hornet for 2 turns
 16296 | Lair:5   | Reached skill level 5 in Conjurations
 16823 | Lair:5   | Reached skill level 5 in Spellcasting
 17037 | Orc:1    | Entered Level 1 of the Orcish Mines
 17254 | Orc:1    | Found a frozen archway.
 17263 | IceCv    | Entered an ice cave
 17470 | IceCv    | Noticed a frost giant
 17474 | IceCv    | Reached XP level 15. HP: 83/103 MP: 22/22
 17475 | IceCv    | Killed a frost giant
 17802 | Orc:1    | Reached skill level 10 in Conjurations
 17917 | Orc:1    | Noticed an orc warlord
 17953 | Orc:1    | Killed an orc warlord
 18251 | Orc:2    | Entered Level 2 of the Orcish Mines
 18293 | Orc:2    | Found a staircase to the Elven Halls.
 18548 | Orc:2    | Found a roughly hewn altar of Beogh.
 18819 | Orc:2    | Found Joced's Jewellery Boutique.
 18829 | Orc:2    | Found Niucicat's Magic Scroll Boutique.
 18830 | Orc:2    | Found Kiexomn's Weapon Shop.
 18834 | Orc:2    | Found Nacvalu's Armour Shop.
 18841 | Orc:2    | Bought the amulet "Emuereis" {Acrobat Int+3} for 519 gold
                  | pieces
 19224 | Orc:2    | Bought a scroll of immolation for 60 gold pieces
 19224 | Orc:2    | Bought a scroll of immolation for 60 gold pieces
 19224 | Orc:2    | Bought a scroll of identify for 30 gold pieces
 19224 | Orc:2    | Bought a scroll of identify for 30 gold pieces
 19224 | Orc:2    | Bought 2 scrolls of identify for 60 gold pieces
 19228 | Orc:2    | Bought a scroll of identify for 30 gold pieces
 19310 | Lair:1   | Bought the +0 mask of the Dragon {Will+ Slay+3 SInv} for
                  | 467 gold pieces
 19310 | Lair:1   | Found the +0 mask of the Dragon {Will+ Slay+3 SInv}
 19334 | Lair:1   | Upgraded the game from 0.32-a0-818-gb728d0252e to
                  | 0.32-a0-876-gcfddb08e57
 19340 | Lair:1   | Bought a +1 buckler of protection for 231 gold pieces
 19481 | D:12     | Reached skill level 1 in Shields
 19482 | D:12     | Noticed Josephine
 19490 | D:12     | Killed Josephine
 19987 | D:12     | Found a large runed translucent door.
 19988 | D:12     | Found a large runed translucent door.
 20362 | D:13     | Found a transporter.
 20362 | D:13     | Noticed Zituum's ghost (journeyman DESu)
 20406 | D:13     | Found a one-way gate to the infinite horrors of the Abyss.
 20525 | D:13     | Reached skill level 5 in Shields
 20584 | D:13     | Noticed Frances
 20589 | D:13     | Killed Frances
 20698 | D:13     | Reached skill level 1 in Ice Magic
 20709 | D:13     | Learned a level 3 spell: Ozocubu's Armour
 20711 | D:13     | Found a transporter.
 21129 | D:14     | Reached skill level 5 in Ice Magic
 21988 | D:14     | Reached XP level 16. HP: 113/113 MP: 23/23
 22185 | D:14     | Found a gate to the Vaults.
 22324 | D:15     | Entered Level 15 of the Dungeon
 22546 | D:15     | Reached skill level 10 in Ice Magic
 22546 | D:15     | Reached skill level 1 in Staves
 22579 | D:15     | Reached skill level 5 in Staves
 23106 | D:15     | Identified the ring of Jiduv {rF+ rCorr Int+3}
 23187 | D:15     | HP: 3/113 [mirror damage (5)]
 23187 | D:15     | Incinerated by a deep elf pyromancer

Illustrated notes

Levels and vault maps discovered:
D:1:      wander_arrival_fairy_ring, layout_basic
D:2:      layout_rooms, hellmonk_ecumenical_altar_blasted,
          dreamdust_princess_corridor
D:3:      layout_loops_corners, hangedman_decor_clover_reticule
D:4:      cheibrodos_helix_gallery, layout_gridville, minmay_crossroads
D:5:      layout_basic, nemelex_dance_club_becter, zin_treasury,
          uniq_crazy_yiuf_cottage, uniq_sigmund
D:6:      layout_basic, kennysheep_mini, minmay_temple_entry_statues_pillars,
          serial_park_tiny_pond, uniq_maggie, uniq_edmund, uniq_prince_ribbit1
D:7:      layout_cave_pools, tso_oasis_becter, serial_shops,
          nicolae_shop_waterfront, shop, nicolae_shop_hallway_stairs, shop,
          serial_bayou_lake_a, uniq_pikel
D:8:      layout_loops_ring, kennysheep_mini_moat, serial_demonic,
          serial_demonic_b, serial_demonic_b, serial_demonic_f,
          serial_demonic_g, enter_bailey_4, uniq_psyche
D:9:      layout_small_grid, okawaru_humans, special_room [special_room_bee]
D:10:     layout_basic, nicolae_diode_basic
D:11:     layout_roguey, hellmonk_lair_entry_icy
D:12:     okawaru_arena_lexackson, layout_stronghold, uniq_josephine
D:13:     layout_loops_ring, gammafunk_ghost_abyssal_escape, uniq_frances
D:14:     layout_stronghold, hellmonk_vaults_keyhole, hex_medium
D:15:     hellmonk_depths_entry_around_the_bend, layout_cave_pools,
          hangedman_decor_lopped, minmay_checkerbox
Temple:   nicolae_temple_superstar
Lair:1:   layout_layer_cave
Lair:2:   layout_chaotic_city, elwin_shoals_entry_stream, beast_lair_carwin_6,
          lemuel_fruit_fields
Lair:3:   layout_regular_city, nicolae_spider_entry_tight_spaces, basic_altar,
          tgw_fedhas, lemuel_fruit_fields, infiniplex_staircase_pool_2
Lair:4:   layout_concentric_octagons, kennysheep_abandoned_house
Lair:5:   wormcave, layout_gridlike, guppyfry_lair_end_dragon,
          nicolae_slime_entry_slimehenge, serial_bayou_shore_a, uniq_urug
Orc:1:    layout_caves, special_room [special_room_orc],
          portal_ice_cave_entry_pillars_2, minmay_orc_barracks
Orc:2:    st_orc_mages, layout_caves, david_defended_altar_orc

Skill      XL: |  1  2  3  4  5  6  7  8  9 10 11 12 13 14 15 16 |
---------------+-------------------------------------------------+-----
Fighting       | 2 3 4 5 6 10 11 | 11.5
Ranged Weapons | 2 4 8 11 14 17 18 | 18.0
Evocations     | 1 4 5 |  5.0
Dodging        | 8 10 | 10.0
Stealth        | 5 |  5.0
Alchemy        | 1 3 |  3.0
Spellcasting   | 1 5 |  5.0
Conjurations   | 1 9 10 | 10.0
Air Magic      | 1 3 |  3.0
Shields        | 6 |  6.0
Ice Magic      | 9 14 | 14.2
Staves         | 5 |  5.0
Unarmed Combat | |  3.0
Shapeshifting  | |  3.0

Action                     |  1- 3 |  4- 6 |  7- 9 | 10-12 | 13-15 | 16-18 || total
---------------------------+-------+-------+-------+-------+-------+-------++-------
  Melee: Unarmed           |    41 |       |       |       |       |       ||    41
         Constrict         |    17 |    20 |     2 |       |       |       ||    39
         Tentacles         |    13 |     8 |     3 |       |       |       ||    24
         Punch             |     3 |       |       |       |       |       ||     3
         War axe           |    13 |    59 |       |    13 |       |       ||    85
         Whip              |       |       |     5 |       |       |       ||     5
   Fire: Sling             |       |    57 |   186 |       |       |       ||   243
         Hand cannon       |       |       |    24 |   323 |   932 |   126 ||  1405
   Cast: Ozocubu's Armour  |       |       |       |       |       |     2 ||     2
 Invoke: Call Merchant     |       |       |       |     1 |     4 |       ||     5
  Evoke: Wand              |       |     2 |    25 |     8 |     6 |     2 ||    43
         Lightning rod     |       |       |       |       |     8 |       ||     8
    Use: Potion            |     1 |       |     1 |     2 |     8 |       ||    12
         Scroll            |       |     4 |    14 |    13 |    19 |     2 ||    52
   Stab: Sleeping          |     5 |    10 |       |       |       |       ||    15
 Armour: Skin              |    48 |    32 |    78 |    99 |   106 |    13 ||   376
  Dodge: Dodged            |    27 |    42 |    70 |    70 |   192 |    22 ||   423
  Block: Buckler           |       |       |       |       |    12 |    15 ||    27
         Form:             |       |       |       |       |     1 |       ||     1

Table legend: (Time is in decaauts)
 A = Elapsed time spent in this place.
 B = Non-inter-level travel time spent in this place.
 C = Inter-level travel time spent in this place.
 D = Time resting spent in this place.
 E = Time spent auto-exploring this place.
 F = Levels seen in this place.
 G = Mean time per level.
                   A        B        C        D        E       F      G
               +--------+--------+--------+--------+--------+-----+--------+
         Total |  23325 |  21537 |   1788 |   1847 |  14039 |  25 |  933.0 |
       Dungeon |  14330 |  13410 |    920 |   1454 |   8776 |  15 |  955.3 |
        Temple |     23 |     13 |     10 |      0 |      0 |   1 |   23.0 |
          Lair |   6255 |   5536 |    719 |    107 |   4008 |   5 | 1251.0 |
  Orcish Mines |   1735 |   1597 |    138 |    100 |    954 |   2 |  867.5 |
        Bailey |    481 |    481 |      0 |    136 |    147 |   1 |  481.0 |
      Ice Cave |    499 |    499 |      0 |     49 |    154 |   1 |  499.0 |
               +--------+--------+--------+--------+--------+-----+--------+

Top non-repeatable levels by time:
  Lair:1: 1566 daAuts
    D:14: 1446 daAuts
  Lair:5: 1346 daAuts
  Lair:3: 1289 daAuts
     D:5: 1229 daAuts
  Lair:4: 1107 daAuts
     D:4: 1105 daAuts
     D:1: 1078 daAuts
    D:10: 1027 daAuts
     D:7: 986 daAuts
    D:12: 961 daAuts
  Lair:2: 945 daAuts
   Orc:1: 940 daAuts
     D:9: 920 daAuts
     D:6: 893 daAuts
